Map: Écho EC

Players

AgCl - Winner!

  • Race: Protoss Protoss
  • League: Grandmaster

MoistNugget

  • Race: Protoss Protoss
  • League: Grandmaster

VOD

Have the link to the VOD?

Description

Time

  • Played on: June 19, 2015, 10:46 p.m.
  • Length: 5:31
Show
View Real Time Build Order
Export as new Build Order

AgCl Protoss - Winner!

Build Orders: Oracle Opening, Phoenix Opening 

Get SALT Encoding   

  12  0:16  Pylon  
  12  0:17  Probe  
  13  0:36  Probe  
  13  0:38  Gateway  
  14  0:48  Probe  
  15  1:00  Probe  
  16  1:04  Assimilator  
  16  1:06  Assimilator  
  16  1:12  Probe  
  17  1:25  Probe  
  18  1:29  Pylon  
  18  1:33  Zealot (Chrono Boost)  
  18  1:36  Cybernetics Core  
  18  1:37  Probe (Chrono Boost)  
  22  1:47  Probe (Chrono Boost)  
  22  1:54  Probe (Chrono Boost)  
  23  2:06  Probe (Chrono Boost)  
  24  2:13  Probe (Chrono Boost)  
  25  2:16  Stargate  
  25  2:23  Mothership Core (Chrono Boost)  
  27  2:42  Probe  
  26  2:48  Nexus  
  26  2:54  Pylon  
  26  3:00  Oracle  
  29  3:12  Forge  
  29  3:19  Gateway  
  28  3:36  Phoenix (Chrono Boost)  
  30  3:54  Void Ray (Chrono Boost)  
  34  3:58  Pylon  
  34  4:02  Probe (Chrono Boost)  
  36  4:04  Probe (Chrono Boost)  
  37  4:10  Probe (Chrono Boost)  
  37  4:12  Probe (Chrono Boost)  
  38  4:20  Pylon  
  38  4:23  Probe, Pylon  
  39  4:32  Probe  
  39  4:35  Pylon  
  38  4:47  Void Ray (Chrono Boost)  
  38  4:51  Photon Cannon  
  25  5:17  Pylon  
  25  5:20  Pylon  
Show
View Real Time Build Order
Export as new Build Order

MoistNugget Protoss 

Build Orders:  

Get SALT Encoding   

  12  0:03  Probe  
  13  0:17  Pylon  
  13  0:19  Probe  
  14  0:35  Probe (Chrono Boost)  
  15  0:38  Gateway  
  15  0:45  Probe (Chrono Boost)  
  16  0:52  Probe (Chrono Boost)  
  17  0:59  Pylon  
  17  1:03  Assimilator  
  17  1:04  Probe (Chrono Boost)  
  17  1:07  Assimilator  
  18  1:17  Probe (Chrono Boost)  
  19  1:28  Probe (Chrono Boost)  
  19  1:31  Cybernetics Core  
  20  1:33  Gateway  
  21  1:41  Probe (Chrono Boost)  
  21  1:48  Probe (Chrono Boost)  
  22  1:54  Gateway  
  23  2:09  Warp Gate (Chrono Boost)  
  23  2:11  Mothership Core  
  23  2:12  Adept  
  26  2:21  Pylon  
  26  2:31  Adept  
  28  2:39  Adept  
  29  2:55  Adept  
  29  2:58  Adept  
  33  3:01  Pylon  
  34  3:07  Probe  
  34  3:13  Adept  
  36  3:56  Stalker x3  
  36  4:01  Forge  
  38  4:18  Probe (Chrono Boost)  
  30  4:28  Probe (Chrono Boost)  
  30  4:29  Stalker x3  
Tags
 
Add a new tag
Caveats
  • Supply blocks, unpowered buildings, or Contaminate may cause inaccurate times.
  • Supply counts are checked every 10 seconds.